 Dungeon Crawl Stone Soup version 0.16-a0-4115-ga5ed934 (webtiles) character file.

586 McCoppin the Quickloader (level 7, -1/50 HPs)
             Began as a Formicid Hunter on Mar 1, 2015.
             Killed by divine providence
             ... invoked by an orc priest
              (13 damage)
             ... on level 4 of the Dungeon.
             The game lasted 00:23:16 (3694 turns).

McCoppin the Quickloader (Formicid Hunter)          Turns: 3694, Time: 00:23:27

Health: -1/50      AC: 11    Str: 18    XL:     7   Next: 65%
Magic:  9/9        EV:  6    Int: 11    God:
Gold:   210        SH:  3    Dex: 11    Spells: 0 memorised, 6 levels left

rFire  . . .     SeeInvis +     a - +0 whip (freeze)
rCold  . . .     Clarity  .     B - +0 shadow dragon armour
rNeg   . . .     SustAb   .     m - +0 buckler
rPois  +         Gourm    .     (helmet unavailable)
rElec  .         Spirit   .     y - +0 cloak
rCorr  .         Warding  .     (no gloves)
rMut   .         Stasis   +     (no boots)
MR     .....                    (no amulet)
Stlth  +++.......               (no ring)
                                l - ring of poison resistance

@: not resistant to hostile enchantments, fairly stealthy
A: permanent stasis, dig shafts and tunnels, four strong arms, antennae 3
a: Dig, Shaft Self


You were on level 4 of the Dungeon.
You were not hungry.

You visited 1 branch of the dungeon, and saw 4 of its levels.
You also visited: Ossuary.

You collected 210 gold pieces.

Inventory:

Hand weapons
 a - a +0 whip of freezing (weapon)
 b - a +2 hand crossbow
 e - a cursed +0 short sword
 E - a cursed +3 whip
Missiles
 c - 20 bolts
Armour
 d - a cursed +0 leather armour
 m - a +0 buckler (worn)
 y - a +0 cloak (worn)
 B - a +0 shadow dragon armour (worn)
Jewellery
 l - a ring of poison resistance (left hand)
 x - a cursed ring of poison resistance
Magical devices
 F - a wand of magic darts (26)
Scrolls
 h - 5 scrolls of noise
 i - a scroll of teleportation
 j - 2 scrolls of remove curse
 k - a scroll of fog {unknown}
 n - a scroll of brand weapon {unknown}
 o - a scroll of enchant armour
 v - a scroll of identify
 A - a scroll of random uselessness {unknown}
 H - a scroll of amnesia
 J - a scroll of magic mapping
Potions
 g - 4 potions of flight
 q - a potion of cure mutation {unknown}
 r - 3 potions of agility {unknown}
 s - a potion of resistance {unknown}
 t - a potion of ambrosia {unknown}
 w - a potion of poison {unknown}
 z - 2 potions of heal wounds {unknown}
 C - a potion of magic {unknown}
 D - a potion of haste {unknown}
 G - 2 potions of curing {unknown}
 I - 2 potions of brilliance {unknown}
Comestibles
 f - 2 bread rations
 p - 2 slices of pizza
 u - a royal jelly


   Skills:
 - Level 2.1 Fighting
 - Level 0.6 Maces & Flails
 + Level 8.6 Crossbows
 - Level 1.0 Armour
 - Level 1.7 Dodging
 - Level 1.2 Stealth


You had 6 spell levels left.
You didn't know any spells.

Dungeon Overview and Level Annotations

Branches:
Dungeon (4/15)
 Temple: D:4-7

Altars:
Elyvilon


Innate Abilities, Weirdness & Mutations

You are under a permanent stasis effect.
You can dig through walls and to a lower floor.
Your four strong arms can wield two-handed weapons with a shield.
You have a pair of large antennae on your head (SInv).


Message History

The orc hits you but does no damage. You block the orc priest's attack.
The giant newt barely misses you.
You hit the orc priest. You freeze the orc priest.
The orc priest is severely wounded.
The orc hits you with a club. The giant newt barely misses you.
The orc priest mumbles some strange prayers to Beogh against you.
Something smites you!
You hit the orc priest. You freeze the orc priest.
The orc priest is almost dead.
The orc barely misses you. The giant newt bites you.
The orc priest hits you with an enchanted hand axe.
* * * LOW HITPOINT WARNING * * *
You closely miss the orc priest.
The orc priest is almost dead.
The giant newt bites you.
* * * LOW HITPOINT WARNING * * *
The orc hits you but does no damage.
The orc priest mumbles some strange prayers to Beogh against you.
Something smites you!
You die...

.................................
.................................
.................................
..(..............................
.................................
................................,
...............................,,
...............o..........)...,,,
...............o@.......(..,,,,,,
........###....l..........,,,,,,,
..#.....#...#>.##........,,,,,,,,
..##......####....##.....,,,,,,,,
#.###...### #...##*###..,,,,,,,*
#..*##.## *#.s.** **,,*******
##.**.## *,*#.,* **,* *, **.**,**
**,*##,* *,* ** *,****,* *,** ***
***


You could see an orc priest, an orc and a giant newt.

Vanquished Creatures
  The ghost of emiel the Ruffian, an average NaMo (D:3)
  3 wights (D:3)
  A worker ant (D:4)
  Jessica (D:3)
  12 mummies (Ossuary)
  5 adders
  4 gnolls (D:3)
  A giant mite (D:4)
  5 worms
  A giant gecko (D:2)
  An ooze (D:2)
  3 orcs (D:4)
  3 giant cockroaches
  11 hobgoblins
  6 bats
  A giant newt (D:1)
  A goblin (D:3)
  2 goblin skeletons (Ossuary)
  A jackal skeleton (D:4)
  6 kobolds
  3 kobold skeletons (Ossuary)
  3 orc skeletons (Ossuary)
  6 rats
  11 rat skeletons (Ossuary)
92 creatures vanquished.

Notes
Turn   | Place    | Note
--------------------------------------------------------------
     0 | D:1      | McCoppin, the Formicid Hunter, began the quest for the Orb.
     0 | D:1      | Reached XP level 1. HP: 16/16 MP: 1/1
   113 | D:1      | Reached XP level 2. HP: 22/22 MP: 3/3
   559 | D:2      | You fall through a shaft!
   665 | D:2      | Reached XP level 3. HP: 27/27 MP: 4/4
   888 | D:2      | Reached skill level 5 in Crossbows
  1134 | D:2      | Reached XP level 4. HP: 31/33 MP: 5/5
  1243 | D:3      | Reached skill level 1 in Armour
  1332 | D:3      | Noticed emiel's ghost (average NaMo)
  1376 | D:3      | Killed emiel's ghost
  1376 | D:3      | Reached skill level 6 in Crossbows
  1376 | D:3      | Reached XP level 5. HP: 38/38 MP: 7/7
  1646 | D:3      | Noticed a wight
  1679 | D:3      | Killed a wight
  1679 | D:3      | Reached XP level 6. HP: 31/44 MP: 8/8
  1788 | D:3      | Noticed a wight
  1791 | D:3      | Killed a wight
  1793 | D:3      | Noticed a wight
  1798 | D:3      | Killed a wight
  1798 | D:3      | Reached skill level 7 in Crossbows
  1869 | D:3      | Found a white marble altar of Elyvilon.
  2086 | D:3      | Noticed Jessica
  2089 | D:3      | Killed Jessica
  2397 | D:4      | Reached XP level 7. HP: 23/50 MP: 9/9
  2540 | D:4      | Found a sand-covered staircase.
  2570 | Ossuary  | Entered an ossuary
  2708 | Ossuary  | Reached skill level 8 in Crossbows
  3694 | D:4      | Killed from afar by an orc priest

Action                   |  1- 3 |  4- 6 |  7- 9 || total
-------------------------+-------+-------+-------++-------
Melee: Short sword       |     5 |       |       ||     5
       Whip              |    38 |    50 |    17 ||   105
 Fire: Hand crossbow     |    37 |    86 |    90 ||   213
  Use: Scroll            |       |     9 |     5 ||    14
  Eat: Bread ration      |       |     1 |     1 ||     2
       Chunk             |       |     1 |       ||     1
       Beef jerky        |       |       |     1 ||     1
